 Dungeon Crawl Stone Soup version 0.25-a0-341-g6f074c887a (webtiles) character file.

Game seed: 2336588874518422927, levelgen mode: deterministic

15 Lanoc the Conjurer (level 2, 0/19 HPs)
             Began as a Human Conjurer on Dec 30, 2019.
             Slain by a hobgoblin
             ... wielding a +0 club
              (4 damage)
             ... on level 1 of the Dungeon.
             The game lasted 00:01:11 (429 turns).

Lanoc the Conjurer (Human Conjurer)                  Turns: 429, Time: 00:01:12

Health: 0/19       AC:  2    Str:  8    XL:     2   Next: 65%
Magic:  0/5        EV: 12    Int: 15    God:
Gold:   0          SH:  0    Dex: 13    Spells: 4/5 levels left

rFire    . . .     SeeInvis .   e - +0 dagger
rCold    . . .     Gourm    .   (no shield)
rNeg     . . .     Faith    .   a - +0 robe
rPois    .         Spirit   .   (no helmet)
rElec    .         Reflect  .   (no cloak)
rCorr    .         Harm     .   (no gloves)
MR       .....                  (no boots)
Stlth    ++........             (no amulet)
HPRegen  0.06/turn              (no ring)
MPRegen  0.09/turn              (no ring)

@: no status effects
A: no striking features
a: no special abilities


You were on level 1 of the Dungeon.
You were not hungry.

You visited 1 branch of the dungeon, and saw 1 of its levels.

Inventory:

Hand Weapons
 e - a +0 dagger (weapon)
Missiles
 b - 19 bolts
Armour
 a - a +0 robe (worn)
Scrolls
 d - a scroll of remove curse {unknown}
Comestibles
 c - a ration
 f - 3 chunks of flesh


   Skills:
 + Level 2.3 Dodging
 - Level 2.0 Stealth
 - Level 2.0 Spellcasting
 * Level 4.4 Conjurations


You had 4 spell levels left.
You knew the following spells:

 Your Spells              Type           Power        Failure   Level  Hunger
a - Magic Dart            Conj           ##..         3%          1    #......

Your spell library contained the following spells:

 Spells                   Type           Power        Failure   Level  Hunger
 Searing Ray              Conj           ##....       5%          2    ###....
 Dazzling Flash           Conj/Hex       #.....       26%         3    ###....
 Fulminant Prism          Conj/Hex       #.........   65%         4    #####..
 Iskenderun's Mystic Bla  Conj/Tloc      #.......     65%         4    #####..


Dungeon Overview and Level Annotations

Branches:
Dungeon (1/15)

Altars:


Message History

Press: ? - help, Shift-Dir - straight line, f/p - hobgoblin
Aim: a hobgoblin, wielding a +0 club (moderately wounded)
The magic dart hits the hobgoblin but does no damage.
The hobgoblin is moderately wounded.
The hobgoblin barely misses you.
You hit the hobgoblin but do no damage.
The hobgoblin is moderately wounded.
The hobgoblin hits you but does no damage.
You hit the hobgoblin but do no damage.
The hobgoblin is moderately wounded.
The hobgoblin misses you.
Casting: Magic Dart (safe; 3% risk of failure)
Confirm with . or Enter, or press ? or * to list all spells.
Aiming: Magic Dart (safe; 3% risk of failure)
Press: ? - help, Shift-Dir - straight line, f/p - hobgoblin
Aim: a hobgoblin, wielding a +0 club (moderately wounded)
The magic dart hits the hobgoblin.
The hobgoblin is heavily wounded.
The hobgoblin hits you with a +0 club.
You die...

#...+.....#####"#
...###....###.(..#
#### #......÷..†.#
#....###†...#
#....# #....#
#....# #....†..
#....# #.......#
#####....#
#.......#
#..@g....#
#.......#
#.########
####....# #.# #.#
#.###########
#.#.........#
#.#...###...#
#.'...#÷#.<.#
###...###...#


You could see a hobgoblin.

Vanquished Creatures
  A leopard gecko (D:1)
  A bat (D:1)
  A giant cockroach (D:1)
  2 goblins (D:1)
  A hobgoblin (D:1)
  3 jackals (D:1)
  3 rats (D:1)
12 creatures vanquished.

Notes
Turn   | Place    | Note
-------+----------+-------------------------------------------
     0 | D:1      | Lanoc the Human Conjurer began the quest for the Orb.
     0 | D:1      | Reached XP level 1. HP: 13/13 MP: 3/3
    91 | D:1      | Reached XP level 2. HP: 5/19 MP: 0/5
   429 | D:1      | Slain by a hobgoblin

Levels and vault maps discovered:
D:1:      nicolae_arrival_memento_mori, layout_basic, minmay_heptomino_d4

Action                   || total
-------------------------++-------
Melee: Unarmed           ||    52
       Dagger            ||     5
 Cast: Magic Dart        ||    21
Armor: Robe              ||    11
Dodge: Dodged            ||    37

Table legend:
 A = Non-vault XP
 B = Vault XP
 C = Vault XP percentage of total XP
 D = Non-vault monster count
 E = Vault monster count
 F = Vault count percentage of total count
                 A         B        C        D         E       F
            +---------+---------+-------+---------+---------+-------
      Total |      22 |       0 |   0.0 |      12 |       0 |   0.0
            +---------+---------+-------+---------+---------+-------
        D:1 |      22 |       0 |   0.0 |      12 |       0 |   0.0
            +---------+---------+-------+---------+---------+-------
